 Dungeon Crawl Stone Soup version 0.30-a0-883-g5ad918d77d (webtiles) character file.

Game seed: 14026833549173807456

46 jasper the Chopper (level 3, -3/27 HPs)
             Began as a Demonspawn Gladiator on Mar 16, 2023.
             Slain by an iguana (6 damage)
             ... on level 4 of the Dungeon.
             The game lasted 00:03:19 (1339 turns).

jasper the Chopper (Demonspawn Gladiator)           Turns: 1339, Time: 00:03:19

Health: -3/27      AC:  9    Str: 13 (16) XL:     3   Next: 44%
Magic:  12/12      EV:  6    Int:  7 (9)  God:
Gold:   47         SH:  0    Dex: 13 (14) Spells: 2/2 levels left

rFire   . . .      SeeInvis .    a - +0 war axe
rCold   + . .      Faith    .    (no shield)
rNeg    . . .      Spirit   .    n - +0 chain mail
rPois   .          Reflect  .    c - +0 helmet
rElec   .          Rampage  .    (no cloak)
rCorr   .                        (no gloves)
Will    .....                    (no boots) Stlth
                                 (no amulet)
HPRegen 0.24/turn                f - ring of magical power
MPRegen 0.13/turn                i - ring of protection from cold

@: mighty, attractive
A: powered by pain 1
a: no special abilities


You were on level 4 of the Dungeon.
You visited 1 branch of the dungeon, and saw 4 of its levels.

You collected 110 gold pieces.
You spent 63 gold pieces at shops.

Inventory:

Hand Weapons
 a - a +0 war axe (weapon)
Missiles
 d - a throwing net
 e - a javelin
 j - 19 stones (quivered)
Armour
 b - a +0 leather armour
 c - a +0 helmet (worn)
 n - a +0 chain mail (worn)
 o - a +0 kite shield
Jewellery
 f - a ring of magical power (left hand)
 i - a ring of protection from cold (right hand)
Scrolls
 g - a scroll of teleportation
 q - a scroll of magic mapping
Potions
 k - a potion of attraction
 l - a potion of might {unknown}
 m - 2 potions of cancellation {unknown}
 p - a potion of flight {unknown}
 s - a potion of magic {unknown}
 t - 2 potions of lignification {unknown}


   Skills:
 - Level 2.0 Fighting
 + Level 4.1 Axes
 - Level 1.7 Throwing
 - Level 2.6 Dodging


You had 2 spell levels left.
You didn't know any spells.
Your spell library contained the following spells:

 Spells                   Type           Power      Damage    Failure   Level
 Necrotise                Necr           0%         1d4       100%        1
 Vampiric Draining        Necr           0%         2d6       100%        3
 Summon Ice Beast         Ice/Summ       0%         N/A       100%        4
 Agony                    Necr           0%         N/A       100%        5
 Summon Mana Viper        Hex/Summ       0%         N/A       100%        5
 Monstrous Menagerie      Summ           0%         N/A       100%        7


Dungeon Overview and Level Annotations

Branches:
Dungeon (4/15)
 Temple: D:4-7

Altars:

Shops:
D:3 [

Annotations:
D:3 Terence


Innate Abilities, Weirdness & Mutations

You sometimes gain a little power by taking damage.


Message History

You feel very mighty all of a sudden.
You take 9 damage, and have 18/27 hp.
MASSIVE DAMAGE!!
You barely miss the iguana.
The iguana is lightly wounded.
The iguana bites you!
You take 6 damage, and have 12/27 hp.
MASSIVE DAMAGE!!
Okay, then.
Throw: 3 throwing nets
Press: ? - help, Shift-Dir - straight line, f - iguana
Aim: an iguana (lightly wounded, 63% to hit)
You throw a throwing net.
The throwing net closely misses the iguana.
The throwing net hits the goblin.
The goblin is caught in the net!
The iguana bites you!
* * * LOW HITPOINT WARNING * * *
The goblin struggles against the net.
You take 9 damage, and have 3/27 hp.
MASSIVE DAMAGE!!
Blink to where?
Press: ? - help, Dir - move target, p - iguana
As you read the scroll of blinking, it crumbles to dust.
Okay, then.
Okay, then.
It was a potion of degeneration.
There was something very wrong with that liquid.
You feel weakened.
You feel dopey.
You feel clumsy.
It was a potion of attraction.
You feel attractive to monsters. The iguana is attracted toward you.
You slash the iguana!
The iguana is severely wounded.
The iguana bites you.
* * * LOW HITPOINT WARNING * * *
You take 2 damage, and have 3/27 hp.
Throw: 2 throwing nets
Press: ? - help, Shift-Dir - straight line, f - iguana
Aim: an iguana (severely wounded, 61% to hit)
You throw a throwing net.
The throwing net barely misses the iguana.
The iguana bites you.
You die...

#g# #.#
#l# #.#
#.# #.#
### #.#
#<#
#.#####.#
#(...l@.#
#########


You could see an iguana.

Vanquished Creatures
  2 adders (D:2)
  2 dart slugs (D:2)
  2 endoplasms
  A giant cockroach (D:2)
  A goblin (D:1)
  A hobgoblin (D:2)
  3 jackals (D:3)
  3 kobolds
  A quokka (D:1)
  2 ball pythons
  2 bats
  2 frilled lizards
  3 rats
25 creatures vanquished.

Notes
Turn   | Place    | Note
-------+----------+-------------------------------------------
     0 | D:1      | jasper the Demonspawn Gladiator began the quest for the
                  | Orb.
     0 | D:1      | Reached XP level 1. HP: 16/16 MP: 1/1
   195 | D:1      | Reached skill level 3 in Axes
   397 | D:1      | Gained mutation: You sometimes gain a little power by
                  | taking damage. [demonic ancestry]
   397 | D:1      | Reached XP level 2. HP: 21/22 MP: 2/2
   942 | D:2      | Reached XP level 3. HP: 27/27 MP: 3/3
   966 | D:2      | Reached skill level 4 in Axes
  1086 | D:3      | Found Noenk's Armour Shoppe.
  1238 | D:3      | Bought a +0 chain mail for 63 gold pieces
  1279 | D:3      | Noticed Terence
  1339 | D:4      | Slain by an iguana

Illustrated notes

Levels and vault maps discovered:
D:1:      saegor_arrival_simple_a, layout_rooms
D:2:      layout_rooms, dk_vineyard_2
D:3:      layout_basic, serial_shops, shop, uniq_terence
D:4:      gammafunk_cloud_chamber, layout_basic, mainiacjoe_overflow_alcove_1,
          minmay_temple_entry_poolview, uniq_sigmund

Skill      XL: |  1  2  3 |
---------------+----------+-----
Axes           | 3 4 |  4.1
Fighting       | |  2.0
Throwing       | |  1.7
Dodging        | |  2.6

Action                     || total
---------------------------++-------
  Melee: War axe           ||    63
         Punch             ||     1
  Throw: Stone             ||    15
         Throwing net      ||     2
    Use: Scroll            ||     6
         Potion            ||     2
 Armour: Leather armour    ||    31
  Dodge: Dodged            ||    44

Table legend: (Time is in decaauts)
 A = Elapsed time spent in this place.
 B = Non-inter-level travel time spent in this place.
 C = Inter-level travel time spent in this place.
 D = Time resting spent in this place.
 E = Time spent auto-exploring this place.
 F = Levels seen in this place.
 G = Mean time per level.
                   A        B        C        D        E       F      G
               +--------+--------+--------+--------+--------+-----+--------+
         Total |   1363 |   1288 |     75 |    172 |    725 |   4 |  340.8 |
       Dungeon |   1363 |   1288 |     75 |    172 |    725 |   4 |  340.8 |
               +--------+--------+--------+--------+--------+-----+--------+

Top non-repeatable levels by time:
     D:2: 548 daAuts
     D:1: 508 daAuts
     D:3: 253 daAuts
     D:4: 52 daAuts
